 Dungeon Crawl Stone Soup version 0.22.1-6-g1668fe2 (console) character file.

179 erker the Covered (level 5, -5/49 HPs)
             Began as a Deep Dwarf Fighter on Jan 22, 2019.
             Killed by divine providence
             ... invoked by an orc priest
              (15 damage)
             ... on level 4 of the Dungeon.
             The game lasted 00:06:44 (2062 turns).

erker the Covered (Deep Dwarf Fighter)              Turns: 2062, Time: 00:06:45

Health: -5/49      AC:  9    Str: 20    XL:     5   Next: 32%
Magic:  6/6        EV:  6    Int:  9    God:
Gold:   124        SH:  9    Dex: 12    Spells: 4/4 levels left

rFire    . . .     SeeInvis .   a - +0 hand axe
rCold    . . .     Gourm    .   c - +0 shield
rNeg     . . .     Faith    .   t - +0 chain mail
rPois    .         Spirit   .   (no helmet)
rElec    .         Reflect  .   (no cloak)
rCorr    .         Harm     .   (no gloves)
MR       .....                  (no boots)
Stlth    ..........             (no amulet)
HPRegen  0.00/turn              (no ring)
MPRegen  0.10/turn              (no ring)

@: non-regenerating
A: damage resistance, heal wounds, sense surroundings 1, no regeneration
a: Heal Wounds


You were on level 4 of the Dungeon.
You were very hungry.

You visited 1 branch of the dungeon, and saw 4 of its levels.

You collected 124 gold pieces.

Inventory:

Hand Weapons
 a - a +0 hand axe (weapon)
 b - a +0 blowgun
 l - a +0 war axe
Missiles
 u - 8 curare-tipped needles
Armour
 c - a +0 shield (worn)
 j - a +1 ring mail of poison resistance
 s - a +0 scale mail
 t - a +0 chain mail (worn)
Wands
 o - a wand of acid (8)
Scrolls
 g - a scroll of remove curse {unknown}
 h - 3 scrolls of identify {unknown}
 i - a scroll of enchant armour {unknown}
 p - 2 scrolls of amnesia {unknown}
 q - a scroll of teleportation {unknown}
 r - a scroll of random uselessness {unknown}
Potions
 d - a potion of might
 e - a potion of cancellation {unknown}
 k - a potion of heal wounds
 n - 2 potions of curing {unknown}
Comestibles
 f - 4 rations


   Skills:
 + Level 3.2 Fighting
 + Level 3.8 Axes
 + Level 4.2 Armour
 + Level 1.3 Dodging
 + Level 4.0 Shields
 * Level 1.3 Evocations


You had 4 spell levels left.
You didn't know any spells.
Your spell library was empty.

Dungeon Overview and Level Annotations

Branches:
Dungeon (4/15)
 Temple: D:4-7

Altars:
Dithmenos
Kikubaaqudgha
Qazlal
Vehumet


Innate Abilities, Weirdness & Mutations

You are resistant to damage.
You can heal yourself by infusing magical energy.
You passively map a small area around you.
You do not regenerate.


Message History

The jackal barks!
The jackal pauses to sniff the ground.
A jackal comes into view. x3
The orc priest mumbles some strange prayers to Beogh against you.
Beogh smites you! The orc closely misses you.
The jackal barks! x2
An orc comes into view. It is wielding a dagger.
The orc priest invokes the aid of Beogh against you.
Beogh smites you!
* * * LOW HITPOINT WARNING * * *
The orc shouts!
You hear a bark!
You see here a scroll labeled LACVEFYQIT.
The jackal barks!
The jackal bites you but does no damage.
A jackal comes into view.
There is a stone staircase leading up here.
The jackal bites you but does no damage.
The orc priest calls down the wrath of Beogh upon you.
Beogh smites you!
You die...

......... * #.#
* ##....... #.#
......, #.# * *
..... #.# ,
....=.* #.# ,
......#*#.## * ,
*
h...oh.##..#####
#.oh..o....#* ,
*#..hh.h@...# ,
, #...!.h....# *
* * **
#..........#
############


You could see an orc priest, 2 orcs and 6 jackals.

Vanquished Creatures
  A centaur skeleton (D:4)
  An orc wizard (D:3)
  6 adders
  A dart slug (D:1)
  3 leopard geckos
  3 orcs (D:3)
  A ball python (D:3)
  9 bats
  4 giant cockroaches
  3 hobgoblins
  5 jackals
  9 kobolds
  A quokka (D:2)
  3 frilled lizards
  7 goblins
  10 rats
67 creatures vanquished.

Notes
Turn   | Place    | Note
-------+----------+-------------------------------------------
     0 | D:1      | erker the Deep Dwarf Fighter began the quest for the Orb.
     0 | D:1      | Reached XP level 1. HP: 20/20 MP: 1/1
    98 | D:1      | Reached XP level 2. HP: 27/27 MP: 2/2
   737 | D:2      | Reached XP level 3. HP: 27/34 MP: 3/3
  1036 | D:2      | Found a stormy altar of Qazlal.
  1037 | D:2      | Found a radiant altar of Vehumet.
  1039 | D:2      | Found an ancient bone altar of Kikubaaqudgha.
  1039 | D:2      | Found a shadowy altar of Dithmenos.
  1108 | D:3      | Reached XP level 4. HP: 31/42 MP: 4/4
  1136 | D:3      | Reached skill level 1 in Dodging
  1520 | D:3      | Reached skill level 1 in Evocations
  1551 | D:3      | Reached XP level 5. HP: 45/49 MP: 5/5
  1993 | D:4      | Noticed a hungry ghost
  2062 | D:4      | Killed from afar by an orc priest

Skill      XL: |  1  2  3  4  5 |
---------------+----------------+-----
Fighting       | 3 |  3.2
Armour         | 4 |  4.2
Axes           | 3 |  3.8
Dodging        | 1 |  1.3
Evocations     | 1 |  1.3
Shields        | 4 |  4.0

Action                   |  1- 3 |  4- 6 || total
-------------------------+-------+-------++-------
Melee: War axe           |    92 |       ||    92
       Hand axe          |    24 |   123 ||   147
 Abil: Heal Wounds       |       |     1 ||     1
  Use: Potion            |       |     1 ||     1
  Eat: Chunk             |     1 |     2 ||     3
Armor: Scale mail        |    21 |       ||    21
       Ring mail         |    33 |    35 ||    68
       Chain mail        |       |    19 ||    19
Dodge: Dodged            |    45 |    28 ||    73
Block: Shield            |    85 |    51 ||   136
